 Dungeon Crawl Stone Soup version 0.31-a0-1-g4198be8af4 (webtiles) character file.

Game seed: 4572136068780954637

445 cheesebisquit the Chiller (level 7, -4/52 HPs)
             Began as a Merfolk Ice Elementalist on Apr 30, 2023.
             Killed by divine providence
             ... invoked by an orc priest
              (15 damage)
             ... on level 3 of the Dungeon.
             The game lasted 00:10:33 (2365 turns).

cheesebisquit the Chiller (MfIE)                    Turns: 2365, Time: 00:10:34

Health: -4/52      AC:  4    Str:  9    XL:     7   Next: 3%
Magic:  6/12       EV: 12    Int: 16    God:
Gold:   154        SH:  5    Dex: 14    Spells: 11/12 levels left

rFire   . . .        k - staff of cold
rCold   + . .        (no shield)
rNeg    . . .        m - +0 leather armour of the Poles {Regen+ rCorr Stlth+}
rPois   .            (no helmet)
rElec   .            c - +0 cloak
rCorr   +            (no gloves)
SInv    .            (no boots)
Will    .....        w - amulet of reflection
Stlth   +++          (no ring)
HPRegen 1.08/turn    (no ring)
MPRegen 0.13/turn

%: reflection
@: no status effects
A: (nimble swimmer 2), mertail
a: no special abilities


You were on level 3 of the Dungeon.
You visited 1 branch of the dungeon, and saw 3 of its levels.
You also visited: Sewer.

You collected 154 gold pieces.

Inventory:

Armour
 c - a +0 cloak (worn)
 m - the +0 leather armour of the Poles (worn) {Regen+ rCorr Stlth+}
   (You found it on level 2 of the Dungeon)

   Regen:     It increases your rate of health regeneration.
   rCorr:     It protects you from acid and corrosion.
   Stlth:     It makes you more stealthy.
 o - a +2 robe of fire resistance
Magical Staves
 k - a staff of cold (weapon)
Jewellery
 w - an amulet of reflection (around neck)
Wands
 q - a wand of flame (16)
Scrolls
 e - a scroll of fog {unknown}
 g - 2 scrolls of identify {unknown}
 h - 2 scrolls of enchant armour {unknown}
 j - a scroll of vulnerability {unknown}
 l - 6 scrolls of teleportation {unknown}
 r - 3 scrolls of silence {unknown}
 s - 3 scrolls of butterflies {unknown}
 t - a scroll of poison {unknown}
 u - a scroll of fear {unknown}
 v - a scroll of magic mapping {unknown}
Potions
 a - a potion of ambrosia {unknown}
 b - a potion of magic
 d - 2 potions of cancellation {unknown}
 f - 2 potions of lignification {unknown}
 i - a potion of might {unknown}
 n - a potion of degeneration {unknown}
 p - 3 potions of invisibility {unknown}


   Skills:
 + Level 3.0 Fighting
 + Level 1.7 Staves
 - Level 2.6 Dodging
 - Level 2.1 Stealth
 + Level 3.3 Spellcasting
 * Level 6.4 Ice Magic
 + Level 2.2 Evocations


You had 11 spell levels left.
You knew the following spells:

 Your Spells              Type           Power      Damage    Failure   Level
a - Freeze                Ice            100%       1d10      1%          1

Your spell library contained the following spells:

 Spells                   Type           Power      Damage    Failure   Level
 Frozen Ramparts          Ice            68%        1d11      5%          3
 Ozocubu's Armour         Ice            34%        N/A       5%          3
 Summon Ice Beast         Ice/Summ       19%        N/A       56%         4


Dungeon Overview and Level Annotations

Branches:
Dungeon (3/15)              Sewer (visited)

Altars:
Makhleb


Innate Abilities, Weirdness & Mutations

((You are very nimble when in or above water. (Stealth+, EV+, Speed+++)))
Your lower body shifts to a powerful aquatic tail in water.


Message History

HP restored.
Magic restored.
Items here: )))))))) [[[[[ ††††.
An orc comes into view. It is wielding a +1 heavy hand axe.
Your legs become a tail as you enter the water.
You hear a shout! x2
You hear a shout!
An orc wizard and an orc priest come into view.
The orc wizard shouts!
An orc warrior comes into view. It is wielding a +0 short sword.
The orc wizard points at you and mumbles some strange words.
You resist with some effort.
The orc priest invokes the aid of Beogh against you.
Beogh smites you!
You feel a surge of power!
You freeze the orc wizard!
The orc wizard is severely wounded.
The orc hits you with a +1 heavy hand axe!
The orc wizard closely misses you.
You feel a surge of power!
You freeze the orc wizard!
You kill the orc wizard!
The orc hits you with a +1 heavy hand axe!
Your Fighting skill increases to level 3!
You have reached level 7!
You are too injured to fight recklessly!
Aiming: Freeze (safe; 1% risk of failure)
Press: ? - help, Q - select action, (/) - cycle Shift-Dir - straight line, f - orc priest
Aim: an orc priest, wielding a +0 club You feel a surge of power!
You freeze the orc priest.
The orc priest is moderately wounded.
A nearby plant withers and dies.
The orc priest closely misses you.
Aiming: Freeze (safe; 1% risk of failure)
Press: ? - help, Q - select action, (/) - cycle Shift-Dir - straight line, f/p - orc priest
Aim: an orc priest, wielding a +0 club (moderately wounded)
You feel a surge of power!
You freeze the orc priest.
The orc priest is severely wounded.
The orc hits you with a +1 heavy hand axe!
* * * LOW HITPOINT WARNING * * *
The orc priest calls down the wrath of Beogh upon you.
Beogh smites you!
You die...

### ## . #.. ..
..###.. .# ........
.#### .........
....#
..#P...o.♣....###
#♣....~♣♣ooP......
P....~♣~.@.P...#
##♣.P~~~~♣~...♣.##
##....~~~~~~.......
#......~~♣~~♣.♣.###
.....♣..~~♣~......
......P..♣...######
.....#..####### #.
#.....)...#
##....##..###.##


You could see an orc warrior, an orc priest and an orc.

Vanquished Creatures
  Sigmund (D:2)
  2 orc priests (D:3)
  2 orc wizards (D:3)
  A hell rat (Sewer)
  2 adders
  5 river rats
  2 dart slugs (D:2)
  6 orcs (D:3)
  5 bats
  3 endoplasms
  3 giant cockroaches
  3 goblins (D:1)
  4 hobgoblins
  2 jackals
  8 kobolds
  5 quokkas
  4 ball pythons
  7 frilled lizards
  13 rats
78 creatures vanquished.

Vanquished Creatures (others)
  3 plants (D:3)
3 creatures vanquished.

Grand Total: 81 creatures vanquished

Notes
Turn   | Place    | Note
-------+----------+-------------------------------------------
     0 | D:1      | cheesebisquit the Merfolk Ice Elementalist began the quest
                  | for the Orb.
     0 | D:1      | Reached XP level 1. HP: 13/13 MP: 3/3
   218 | D:1      | Reached XP level 2. HP: 19/20 MP: 3/5
   397 | D:1      | Reached skill level 1 in Fighting
   431 | D:1      | Noticed a shining eye
   433 | D:1      | Found a faded altar of an unknown god.
   493 | D:1      | Noticed a golden eye
   493 | D:1      | Noticed a shining eye
   493 | D:1      | Noticed a great orb of eyes
   563 | D:1      | Reached XP level 3. HP: 26/26 MP: 4/6
   936 | D:1      | Reached skill level 5 in Ice Magic
  1224 | D:2      | Identified the +0 leather armour of the Poles {Regen+ rCorr
                  | Stlth+}
  1303 | D:2      | Noticed Sigmund
  1521 | D:2      | Killed Sigmund
  1522 | D:2      | Reached skill level 1 in Staves
  1522 | D:2      | Reached skill level 1 in Evocations
  1522 | D:2      | Reached XP level 4. HP: 15/34 MP: 0/8
  1522 | D:2      | Reached XP level 5. HP: 17/39 MP: 0/9
  1618 | D:2      | Reached XP level 6. HP: 46/46 MP: 6/10
  1852 | D:3      | Found a burning altar of Makhleb.
  1931 | D:3      | Reached skill level 6 in Ice Magic
  1943 | D:3      | Found a glowing drain.
  1951 | Sewer    | Entered a sewer
  2361 | D:3      | Noticed an orc warrior
  2364 | D:3      | Reached XP level 7. HP: 16/52 MP: 8/12
  2365 | D:3      | Killed from afar by an orc priest

Illustrated notes

Levels and vault maps discovered:
D:1:      matt_arrival_diagonals, layout_loops_ring,
          hellmonk_ecumenical_altar_watching_god, minmay_nonomino_d4
D:2:      layout_rooms, uniq_sigmund
D:3:      layout_basic, vehumet_altar_wand_db, demons_altar,
          gup_sewer_entry_bubbles, serial_bayou_pond_a, uniq_ijyb

Skill      XL: |  1  2  3  4  5  6 |
---------------+-------------------+-----
Fighting       | 1 2 3 |  3.0
Ice Magic      | 5 6 |  6.4
Staves         | 1 |  1.7
Evocations     | 1 2 |  2.2
Spellcasting   | 3 |  3.3
Dodging        | |  2.6
Stealth        | |  2.1

Action                     |  1- 3 |  4- 6 |  7- 9 || total
---------------------------+-------+-------+-------++-------
  Melee: Whip              |     2 |       |       ||     2
         Staff             |     6 |    19 |       ||    25
         Tailslap          |       |     1 |       ||     1
   Cast: Freeze            |    59 |    59 |     2 ||   120
    Use: Potion            |       |     1 |       ||     1
 Armour: Robe              |     3 |       |       ||     3
         Leather armour    |     5 |    11 |       ||    16
  Dodge: Dodged            |    29 |    36 |     1 ||    66
  Block: Other             |       |     2 |       ||     2

Table legend: (Time is in decaauts)
 A = Elapsed time spent in this place.
 B = Non-inter-level travel time spent in this place.
 C = Inter-level travel time spent in this place.
 D = Time resting spent in this place.
 E = Time spent auto-exploring this place.
 F = Levels seen in this place.
 G = Mean time per level.
                   A        B        C        D        E       F      G
               +--------+--------+--------+--------+--------+-----+--------+
         Total |   2338 |   2229 |    109 |     10 |   1695 |   4 |  584.5 |
       Dungeon |   2102 |   1993 |    109 |     10 |   1528 |   3 |  700.7 |
         Sewer |    236 |    236 |      0 |      0 |    167 |   1 |  236.0 |
               +--------+--------+--------+--------+--------+-----+--------+

Top non-repeatable levels by time:
     D:1: 1147 daAuts
     D:2: 622 daAuts
     D:3: 331 daAuts
   Sewer: 236 daAuts
